 Dungeon Crawl Stone Soup version 0.29-a0-1043-g569b05d6ff (webtiles) character file.

Game seed: 11070051813880294741

75551 siradein the Severer (level 15, -31/147 HPs)
             Began as a Hill Orc Monk on Aug 15, 2022.
             Was the Champion of Makhleb.
             Annihilated by an ettin
             ... wielding a +1 dire flail of protection
              (36 damage)
             ... on level 1 of the Orcish Mines on Aug 16, 2022.
             The game lasted 01:05:42 (27147 turns).

siradein the Severer (Hill Orc Monk)               Turns: 27147, Time: 01:05:43

Health: -31/147    AC: 23    Str: 30    XL:     15   Next: 50%
Magic:  32/32      EV: 12    Int: 12    God:    Makhleb [******]
Gold:   2563       SH:  0    Dex: 18    Spells: 14/14 levels left

rFire   . . .      SeeInvis .   a - +3 broad axe (vorpal)
rCold   . . .      Faith    .   (no shield)
rNeg    . . .      Spirit   .   y - +0 plate armour
rPois   .          Reflect  .   (helmet restricted)
rElec   +          Harm     .   L - +1 cloak of the Robin {Dex+3}
rCorr   .          Rampage  .   o - +1 pair of gloves
Will    +....                   g - +2 pair of boots
Stlth   ..........              M - amulet of Utauzir {Acrobat rElec MP+9 Int+3 Dex+3}
HPRegen 0.34/turn               m - ring of Finality {+Blink Fly rElec Dex-4 Stlth+}
MPRegen 0.23/turn               l - +6 ring of strength

@: flying
A: horns 1, thin skeletal structure 1, strong 1
a: Renounce Religion, Evoke Blink, Minor Destruction, Lesser Servant of Makhleb,
Major Destruction, Greater Servant of Makhleb


You were on level 1 of the Orcish Mines.
You worshipped Makhleb.
Makhleb was exalted by your worship.
You visited 4 branches of the dungeon, and saw 20 of its levels.
You also visited: Ossuary and Gauntlet.

You collected 2563 gold pieces.

Inventory:

Hand Weapons
 a - a +3 vorpal broad axe (weapon)
 b - the +5 trident of the Six Emperors {speed, rC+ SInv}
   (You took it off an orc on level 8 of the Dungeon)

   Attacks with this weapon are significantly faster.
   rC:        It protects you from cold.
   SInv:      It lets you see invisible.
 c - the +6 arbalest "Damnation" {damnation}
   (You found it on level 2 of the Lair of Beasts)

   Any ammunition fired from it explodes in a burst of damnation on striking a
   foe, dealing damage which bypasses armour.
Missiles
 z - 2 throwing nets
 O - 8 silver javelins
Armour
 g - a +2 pair of boots (worn)
 o - a +1 pair of gloves (worn)
 y - a +0 plate armour (worn)
 L - the +1 cloak of the Robin (worn) {Dex+3}
   (You found it in a Gauntlet)

   Dex:       It affects your dexterity (+3).
Jewellery
 l - a +6 ring of strength (right hand)
 m - the ring of Finality (left hand) {+Blink Fly rElec Dex-4 Stlth+}
   (You found it on level 2 of the Dungeon)

   [ring of flight]

   Dex:       It affects your dexterity (-4).
   rElec:     It insulates you from electricity.
   Fly:       It grants you flight.
   +Blink:    It lets you blink.
   Stlth:     It makes you more stealthy.
 C - an amulet of reflection
 E - a +4 ring of evasion
 K - a ring of protection from cold
 M - the amulet of Utauzir (around neck) {Acrobat rElec MP+9 Int+3 Dex+3}
   (You found it in a Gauntlet)

   [amulet of the acrobat]

   It increases your evasion while moving and waiting.
   Int:       It affects your intelligence (+3).
   Dex:       It affects your dexterity (+3).
   rElec:     It insulates you from electricity.
   MP:        It affects your magic capacity (+9).
 U - a ring of protection from fire
 Z - an amulet of magic regeneration
Wands
 p - a wand of flame (7)
 G - a wand of polymorph (12)
 J - a wand of paralysis (4)
 P - a wand of mindburst (12)
 Q - a wand of quicksilver (4)
 T - a wand of iceblast (4)
Scrolls
 e - 7 scrolls of immolation
 f - 6 scrolls of teleportation
 i - 3 scrolls of butterflies {unknown}
 k - 4 scrolls of silence {unknown}
 n - 5 scrolls of blinking {unknown}
 q - a scroll of amnesia {unknown}
 s - 2 scrolls of summoning {unknown}
 t - 8 scrolls of magic mapping
 u - 2 scrolls of fear {unknown}
 D - a scroll of torment
 H - 5 scrolls of enchant weapon {unknown}
 I - 3 scrolls of poison
 N - a scroll of brand weapon
Potions
 d - 4 potions of berserk rage
 h - 4 potions of haste
 j - 7 potions of lignification
 r - a potion of magic
 v - 7 potions of heal wounds
 w - 5 potions of curing
 x - a potion of degeneration {unknown}
 A - a potion of brilliance {unknown}
 B - a potion of resistance {unknown}
 F - 5 potions of mutation
 R - a potion of might {unknown}
 S - 3 potions of attraction {unknown}
 V - 2 potions of cancellation {unknown}
 W - 2 potions of invisibility
 X - 2 potions of ambrosia
Miscellaneous
 Y - a condenser vane


   Skills:
 + Level 17.5 Fighting
 - Level 18.0 Axes
 + Level 6.2 Ranged Weapons
 + Level 11.6 Armour
 - Level 8.4 Dodging
 - Level 1.5 Stealth
 + Level 11.6 Invocations
 - Level 4.4 Evocations


You had 14 spell levels left.
You didn't know any spells.
Your spell library contained the following spells:

 Spells                   Type           Power      Damage    Failure   Level
 Apportation              Tloc           0%         N/A       91%         1
 Beastly Appendage        Tmut           0%         N/A       91%         1
 Necrotise                Necr           0%         1d4       91%         1
 Shock                    Conj/Air       0%         1d3       91%         1
 Summon Small Mammal      Summ           0%         N/A       91%         1
 Sublimation of Blood     Necr           0%         N/A       97%         2
 Wereblood                Tmut           0%         N/A       97%         2
 Confusing Touch          Hex            0%         N/A       100%        3
 Conjure Flame            Conj/Fire      0%         6-21      100%        3
 Ignite Poison            Fire/Tmut/Pois 0%         N/A       100%        3
 Inner Flame              Hex/Fire       0%         N/A       100%        3
 Mephitic Cloud           Conj/Pois/Air  0%         N/A       100%        3
 Spider Form              Tmut/Pois      0%         N/A       100%        3
 Swiftness                Air            0%         N/A       100%        3
 Airstrike                Air            0%         2d(0-16)  100%        4
 Animate Dead             Necr           0%         N/A       100%        4
 Cause Fear               Hex            0%         N/A       100%        4
 Fulminant Prism          Conj/Hex       0%         3d6       100%        4
 Iskenderun's Mystic Bla  Conj/Tloc      0%         2d3       100%        4
 Sticky Flame             Conj/Fire      0%         2d3       100%        4
 Borgnjor's Vile Clutch   Necr/Erth      0%         N/A       100%        5
 Lee's Rapid Deconstruct  Erth           0%         3d5*      100%        5
 Silence                  Hex/Air        0%         N/A       100%        5
 Summon Forest            Summ/Tloc      0%         N/A       100%        5
 Summon Mana Viper        Hex/Summ       0%         N/A       100%        5
 Yara's Violent Unravell  Hex/Tmut       0%         3d3       100%        5
 Conjure Ball Lightning   Conj/Air       0%         3x3d6     100%        6
 Death Channel            Necr           0%         N/A       100%        6
 Dispersal                Tloc           0%         N/A       100%        6
 Summon Cactus Giant      Summ           0%         N/A       100%        6
 Enfeeble                 Hex            0%         N/A       100%        7
 Storm Form               Tmut/Air       0%         N/A       100%        7
 Summon Hydra             Summ           0%         N/A       100%        7
 Discord                  Hex            0%         N/A       100%        8
 Disjunction              Tloc           0%         N/A       100%        8


Dungeon Overview and Level Annotations

Branches:
Dungeon (12/15)            Temple (1/1) D:4            Lair (5/5) D:8
 Shoals (0/4) Lair:2        Snake (0/4) Lair:2        Slime (0/5) Lair:5
    Orc (2/2) D:11        Ossuary (visited)         Gauntlet (visited)
    Elf: Orc:2

Altars:
Ashenzari
Cheibriados
Dithmenos
Elyvilon
Fedhas
Gozag
Hepliaklqana
Kikubaaqudgha
Makhleb
Nemelex Xobeh
Okawaru
Qazlal
Ru
Sif Muna
Trog
Uskayaw
Vehumet
Wu Jian
Xom
Yredelemnul
Zin
The Shining One
Beogh

Shops:
D:4 [   Orc:1 =

Annotations:
D:8 1 runed translucent door, ytrimaz's ghost, novice DsTm
D:10 2 transporters
Lair:5 3 runed translucent doors, lesbiats's ghost, journeyman GrEE


Innate Abilities, Weirdness & Mutations

You have a pair of small horns on your head.
You have a somewhat thin skeletal structure. (Dex +2, Stealth+)
Your muscles are strong. (Str +4, Int/Dex -1)


Message History

Unknown command.
You are too injured to fight recklessly!
You are too injured to fight recklessly!
You are too injured to fight recklessly!
You slash the ettin! You headbutt the ettin!
The ettin is moderately wounded.
The ettin hits you with a +1 dire flail of protection!
The ettin hits you with a +0 dire flail.
You barely miss the ettin. You headbutt the ettin.
The ettin is heavily wounded.
The ettin barely misses you.
The ettin hits you with a +0 dire flail!
You completely miss the ettin. Your headbutt misses the ettin.
The ettin is heavily wounded.
The ettin misses you. The ettin barely misses you.
You hit the ettin.
You headbutt the ettin, but do no damage.
The ettin is heavily wounded.
You hit the ettin but do no damage.
You headbutt the ettin, but do no damage.
The ettin is heavily wounded.
The ettin barely misses you.
The ettin hits you with a +0 dire flail!
* * * LOW HITPOINT WARNING * * *
You hit the ettin.
You headbutt the ettin, but do no damage.
The ettin is heavily wounded.
The ettin hits you with a +1 dire flail of protection!!
* * * LOW HITPOINT WARNING * * *
The ettin closely misses you.
You slice the ettin!!
The ettin is almost dead.
You hit the ettin.
The ettin is almost dead.
The ettin closely misses you. The ettin hits you but does no damage.
You hit the ettin but do no damage.
You headbutt the ettin, but do no damage.
The ettin is almost dead.
The ettin hits you with a +1 dire flail of protection!!!
You die...

##....####.#...# ##.
##.......#...#.## #..
##...........#...## #..
#......#..........##### #..
######.#.####........#.##.####.
##.##.......................#
##
#..........................##
###....................#...##
.##.#........[).@C.....#..##
.............).[)..........#
.#.....#.#.....>..........###
##....#.#...#............##.##
###..........#...............#
#.....#.#................##..##
.....#.##..............####...#
#.......................# ##.##
.......#.........∩.....## ###


You could see an ettin.

Vanquished Creatures
  An ice dragon (Lair:5)
  3 hydras
  2 boulder beetles
  A catoblepas (Lair:5)
  5 two-headed ogres
  A centaur warrior (D:11)
  9 death yaks (Lair:5)
  An orc high priest (Orc:1)
  Urug (D:11)
  Nergalle (D:11)
  A necromancer (Gauntlet)
  Pikel (D:6)
  5 lindwurms
  2 orc knights
  2 wolf spiders (Lair:5)
  4 manticores
  2 ugly things
  A centaur zombie (Gauntlet)
  10 elephants
  14 black mambas
  A smoke demon (Gauntlet)
  A guardian serpent (Lair:5)
  5 torpor snails (Lair:5)
  18 cane toads
  A gargoyle (D:12)
  Maggie (Lair:1)
  3 rime drakes
  9 komodo dragons
  A freezing wraith (D:11)
  A kobold demonologist (D:11)
  2 polar bears
  4 trolls
  A red devil (Gauntlet)
  7 hornets (Lair:5)
  A wind drake (Lair:2)
  8 blink frogs (Lair:5)
  4 tyrant leeches (Lair:5)
  5 slime creatures (D:12)
  A wraith (D:10)
  13 wyverns
  A water elemental (D:11)
  Grum (D:11)
  2 redbacks (Lair:5)
  48 yaks
  2 steam dragons
  4 basilisks
  2 vampire mosquitoes (D:11)
  34 water moccasins
  8 wargs
  An acid dragon (D:10)
  28 orc warriors
  4 ice beasts
  A black bear (Lair:2)
  A sky beast (D:7)
  8 ogres
  A boggart (D:11)
  13 centaurs
  43 wolves
  A phantom (D:6)
  A lemure (D:6)
  2 kobold brigands
  An elf zombie (Ossuary)
  10 bullfrogs
  A necrophage (D:7)
  4 scorpions
  6 wights
  14 killer bees
  3 howler monkeys
  4 crimson imps (Gauntlet)
  A lava snake (D:11)
  3 jellies
  5 hounds
  10 orc priests
  6 iguanas
  15 orc wizards
  3 hound zombies (Ossuary)
  4 mummies (Ossuary)
  8 gnolls (D:5)
  8 adders
  A shadow imp (D:6)
  13 white imps
  An ufetubus (D:5)
  An adder zombie (Ossuary)
  4 dart slugs
  56 orcs
  9 bats
  5 endoplasms
  3 giant cockroaches (D:1)
  A gnoll zombie (Ossuary)
  9 goblins
  3 hobgoblins
  13 kobolds
  2 quokkas (D:1)
  4 ball pythons
  4 frilled lizards
  2 hobgoblin zombies (Ossuary)
  2 kobold zombies (Ossuary)
  An orc zombie (Ossuary)
  7 rats
  A rat zombie (Ossuary)
608 creatures vanquished.

Vanquished Creatures (collateral kills)
  A minotaur (Gauntlet)
1 creature vanquished.

Vanquished Creatures (others)
  An orc wizard (Orc:2)
  A bush (Lair:5)
  47 fungi
  85 plants
134 creatures vanquished.

Grand Total: 743 creatures vanquished

Notes
Turn   | Place    | Note
-------+----------+-------------------------------------------
     0 | D:1      | siradein the Hill Orc Monk began the quest for the Orb.
     0 | D:1      | Reached XP level 1. HP: 19/19 MP: 1/1
   127 | D:1      | Reached XP level 2. HP: 12/27 MP: 2/2
   326 | D:1      | HP: 1/27 [rat (2)]
   734 | D:1      | Reached XP level 3. HP: 26/34 MP: 3/3
  1083 | D:2      | Got the Book of the Atmosphere
  1113 | D:2      | Found a sparkling altar of Nemelex Xobeh.
  1214 | D:2      | Reached skill level 5 in Axes
  1262 | D:2      | Identified the ring of Finality {+Blink Fly rElec Dex-4
                  | Stlth+}
  1312 | D:2      | HP: 1/34 [poisoned by an adder]
  2104 | D:3      | Reached XP level 4. HP: 38/41 MP: 4/4
  2208 | D:3      | You are sucked into a shaft and drop 1 floor!
  2262 | D:4      | Reached skill level 5 in Fighting
  2273 | D:4      | Found a shimmering altar of Xom.
  2277 | D:4      | Reached XP level 5. HP: 25/48 MP: 5/5
  2365 | D:4      | Reached skill level 6 in Axes
  2412 | D:4      | Found a sand-covered staircase.
  2420 | Ossuary  | Entered an ossuary
  2452 | Ossuary  | Reached XP level 6. HP: 4/58 MP: 6/6
  2746 | Ossuary  | Reached skill level 7 in Axes
  3005 | D:4      | Found Qeuryloh's Antique Armour Shop.
  3593 | D:3      | Found a glowing golden altar of the Shining One.
  3594 | D:3      | Found a broken altar of Ashenzari.
  3650 | D:3      | Found a faded altar of an unknown god.
  4074 | D:4      | Reached XP level 7. HP: 66/66 MP: 7/7
  4108 | D:4      | Found a staircase to the Ecumenical Temple.
  4115 | Temple   | Entered the Ecumenical Temple
  4459 | D:5      | Entered Level 5 of the Dungeon
  4477 | D:5      | Reached skill level 8 in Axes
  5330 | D:5      | Reached skill level 9 in Axes
  5330 | D:5      | Reached XP level 8. HP: 44/75 MP: 8/8
  6587 | D:5      | Reached skill level 10 in Axes
  6890 | D:6      | Noticed Pikel
  6917 | D:6      | Killed Pikel
  6918 | D:6      | Reached skill level 10 in Fighting
  6918 | D:6      | Reached skill level 11 in Axes
  6918 | D:6      | Reached XP level 9. HP: 58/86 MP: 9/9
  7112 | D:6      | Found a hazy altar of Hepliaklqana.
  7235 | D:6      | Found a radiant altar of Vehumet.
  7763 | D:7      | Reached skill level 12 in Axes
  7913 | D:7      | Found a glowing silver altar of Zin.
  8169 | D:7      | Found an ornate altar of the Wu Jian Council.
  8468 | D:7      | Found an opulent altar of Gozag.
  8468 | D:7      | Found a sparkling altar of Nemelex Xobeh.
  8676 | D:8      | Found a runed translucent door.
  8676 | D:8      | Noticed a tengu warrior
  8676 | D:8      | Noticed ytrimaz's ghost (novice DsTm)
  9504 | D:8      | Reached skill level 13 in Axes
  9504 | D:8      | Identified the +5 trident of the Six Emperors {speed, rC+
                  | SInv}
  9565 | D:8      | Reached XP level 10. HP: 86/97 MP: 10/10
  9613 | D:8      | Found a sacrificial altar of Ru.
  9672 | D:8      | Noticed a two-headed ogre
  9682 | D:8      | Killed a two-headed ogre
 10066 | D:8      | Found a staircase to the Lair.
 10219 | D:8      | Reached skill level 1 in Armour
 10680 | D:9      | Reached skill level 14 in Axes
 10932 | D:9      | Found a burning altar of Makhleb.
 10971 | D:9      | Found a white marble altar of Elyvilon.
 10987 | D:9      | Became a worshipper of Makhleb the Destroyer
 10987 | D:9      | Reached * piety under Makhleb
 10987 | D:9      | Reached ** piety under Makhleb
 11457 | D:9      | Found a stormy altar of Qazlal.
 11745 | D:10     | Entered Level 10 of the Dungeon
 12025 | D:10     | Noticed a two-headed ogre
 12043 | D:10     | Killed a two-headed ogre
 12044 | D:10     | Reached XP level 11. HP: 42/107 MP: 11/11
 12392 | D:10     | Noticed a two-headed ogre
 12420 | D:10     | Killed a two-headed ogre
 12823 | D:10     | Noticed an orc sorcerer
 12825 | D:10     | Found a roughly hewn altar of Beogh.
 12825 | D:10     | Found a transporter.
 12850 | D:10     | Reached skill level 15 in Axes
 12857 | D:10     | Reached skill level 5 in Armour
 12857 | D:10     | Gained mutation: You have a somewhat thin skeletal
                  | structure. (Dex +2, Stealth+) [potion of mutation]
 12857 | D:10     | Gained mutation: Your muscles are strong. (Str +4, Int/Dex
                  | -1) [potion of mutation]
 12857 | D:10     | Gained mutation: You have a pair of small horns on your
                  | head. [potion of mutation]
 13141 | D:10     | Noticed a two-headed ogre
 13156 | D:10     | Killed a two-headed ogre
 13235 | D:10     | Found a bloodstained altar of Trog.
 13314 | D:10     | Found a transporter.
 13327 | D:10     | Noticed a cyclops
 13385 | D:11     | Found a gate leading to a gauntlet.
 13387 | D:11     | Found a frozen archway.
 13417 | D:11     | Reached *** piety under Makhleb
 13420 | Gauntlet | Entered a Gauntlet
 13420 | Gauntlet | Found a transporter.
 13420 | Gauntlet | Found a runed translucent door.
 13434 | Gauntlet | Found a runed translucent door.
 13440 | Gauntlet | Found a transporter.
 13442 | Gauntlet | Found a transporter.
 13446 | Gauntlet | Noticed a necromancer
 13455 | Gauntlet | Found a transporter.
 13456 | Gauntlet | Found a transporter.
 13463 | Gauntlet | Found a transporter.
 13464 | Gauntlet | Noticed a death drake
 13484 | Gauntlet | Found a transporter.
 13484 | Gauntlet | Noticed a catoblepas
 13495 | Gauntlet | Found a transporter.
 13495 | Gauntlet | Noticed a sixfirhy
 13498 | Gauntlet | Noticed a sixfirhy
 13501 | Gauntlet | Noticed a sixfirhy
 13507 | Gauntlet | Found a transporter.
 13508 | Gauntlet | Noticed a death scarab
 13511 | Gauntlet | Noticed a death scarab
 13529 | Gauntlet | Found a transporter.
 13542 | Gauntlet | Found a transporter.
 13544 | Gauntlet | Found a transporter.
 13545 | Gauntlet | Noticed a necromancer
 13590 | Gauntlet | Found a transporter.
 13604 | Gauntlet | Found a transporter.
 13721 | Gauntlet | Reached skill level 5 in Dodging
 13919 | Gauntlet | Killed a necromancer
 14194 | Gauntlet | Identified the +1 cloak of the Robin {Dex+3}
 14221 | Gauntlet | Identified the amulet of Utauzir {Acrobat rElec MP+9 Int+3
                  | Dex+3}
 14427 | Gauntlet | Identified the +2 scimitar of the Warrior-Mage {elec, Str+4
                  | Int+2}
 14427 | Gauntlet | Noticed a minotaur
 14442 | Gauntlet | HP: 4/110 [minotaur/silver javelin (11)]
 14442 | Gauntlet | HP: 1/110 [minotaur/silver javelin (3)]
 14443 | Gauntlet | Killed a minotaur
 14841 | Gauntlet | Identified the +6 great sword of Compulsion {holy, Int+8
                  | Dex-5 SInv}
 14841 | Gauntlet | Identified the +7 sling of Doom {venom, SInv}
 14978 | D:11     | Noticed Nergalle
 15006 | D:11     | Killed Nergalle
 15007 | D:11     | Reached skill level 1 in Invocations
 15007 | D:11     | Reached XP level 12. HP: 87/118 MP: 13/13
 15273 | D:11     | Noticed a boulder beetle
 15298 | D:11     | Killed a boulder beetle
 15563 | D:11     | Noticed a two-headed ogre
 15572 | D:11     | Killed a two-headed ogre
 15590 | D:11     | Noticed Grum
 15636 | D:11     | Killed Grum
 15704 | D:11     | Noticed a centaur warrior
 15742 | D:11     | Killed a centaur warrior
 15743 | D:11     | Reached skill level 16 in Axes
 15885 | D:11     | Noticed Urug
 15894 | D:11     | Killed Urug
 15917 | D:11     | Found a staircase to the Orcish Mines.
 15975 | D:11     | Found an iron altar of Okawaru.
 16398 | D:11     | Noticed a soul eater
 16666 | D:11     | Reached skill level 15 in Fighting
 17143 | Lair:1   | Entered Level 1 of the Lair of Beasts
 17162 | Lair:1   | Reached skill level 5 in Invocations
 17221 | Lair:1   | Noticed Maggie
 17231 | Lair:1   | Killed Maggie
 17691 | Lair:1   | Reached **** piety under Makhleb
 17700 | Lair:1   | Reached XP level 13. HP: 127/127 MP: 17/17
 18087 | Lair:2   | Found the +6 arbalest "Damnation" {damnation}
 18440 | Lair:2   | Reached skill level 17 in Axes
 18769 | Lair:2   | Identified the +7 falchion of the Brain {vorpal, rF+}
 18849 | Lair:2   | Found a staircase to the Snake Pit.
 19186 | Lair:2   | Reached skill level 1 in Evocations
 19203 | Lair:2   | Reached skill level 1 in Ranged Weapons
 19295 | Lair:2   | Found a staircase to the Shoals.
 19898 | Lair:3   | Reached ***** piety under Makhleb
 20799 | Lair:4   | Reached XP level 14. HP: 137/137 MP: 20/20
 21937 | Lair:5   | Entered Level 5 of the Lair of Beasts
 22278 | Lair:5   | Found a staircase to the Slime Pits.
 22303 | Lair:5   | Reached skill level 10 in Armour
 22857 | Lair:5   | Reached skill level 18 in Axes
 22889 | Lair:5   | Reached ****** piety under Makhleb
 23021 | Lair:5   | Paralysed by a hornet for 2 turns
 23096 | Lair:5   | Found a runed translucent gate.
 23100 | Lair:5   | Noticed lesbiats's ghost (journeyman GrEE)
 23194 | Lair:5   | Reached skill level 10 in Invocations
 23391 | Lair:5   | Reached XP level 15. HP: 123/146 MP: 22/22
 23552 | Lair:5   | Found a runed translucent door.
 23578 | Lair:5   | Reached skill level 5 in Ranged Weapons
 23584 | Lair:5   | Paralysed by a hornet for 3 turns
 23592 | Lair:5   | Paralysed by a hornet for 2 turns
 23964 | Lair:5   | Found a runed translucent gate.
 23964 | Lair:5   | Found a runed translucent gate.
 25855 | Orc:1    | Entered Level 1 of the Orcish Mines
 26336 | Orc:2    | Entered Level 2 of the Orcish Mines
 26536 | Orc:2    | Found a roughly hewn altar of Beogh.
 26594 | Orc:1    | Found Ylapnacw's Jewellery Emporium.
 27144 | Orc:1    | HP: 5/147 [ettin/+1 dire flail of protection (26)]
 27147 | Orc:1    | Annihilated by an ettin

Illustrated notes

Levels and vault maps discovered:
D:1:      saegor_arrival_simple_e, layout_rooms
D:2:      layout_loops_ring, basic_altar
D:3:      layout_loops_ring, nicolae_overflow_two_pavilions,
          hellmonk_ecumenical_altar_prayer_group, grunt_ministairs_6,
          hangedman_glass_teeth, minmay_tree_intersection
D:4:      layout_rooms, mainiacjoe_overflow_boulevard, minmay_temple_entry_hall,
          chequers_ossuary_entry_cave, serial_shops, nicolae_shop_stone
D:5:      layout_basic, nicolae_elevator_lobby_asterisk
D:6:      layout_loops_cross, overflow_temple_1_default, amcnicky_altar_gilded,
          uniq_pikel
D:7:      layout_basic, grunt_temple_overflow_opulence,
          mainiacjoe_overflow_cross_hatched, lemuel_round_altar
D:8:      layout_gridville, lemuel_tele_altar, erik_lair_orcish_takeover,
          ebering_ghost_inner_flame
D:9:      layout_stronghold, lemuel_round_altar, lemuel_round_altar,
          elyvilon_altar_5, minmay_misc_feat_x
D:10:     gammafunk_beogh_shrine, layout_basic, mainiacjoe_overflow_brackets,
          kennysheep_generic_room_9
D:11:     wad_arrow_thing, layout_loops_ring, portal_ice_cave_entry_imps,
          gauntlet_entry_generic, nicolae_lava_and_water, okawaru_gym_becter,
          uniq_grum, uniq_nergalle, uniq_urug
D:12:     layout_cave_pods, wad_woods_river_04
Temple:   hellmonk_temple_forest_ring
Lair:1:   layout_roguey, uniq_maggie
Lair:2:   layout_gridlike, minmay_shoals_entry_beasts,
          minmay_snake_entry_six_corridors, minmay_lindwurm_lava
Lair:3:   layout_cave_pods, beast_lair_carwin_5
Lair:4:   layout_regular_city, grunt_megastairs_5, serial_bayou_shore_a
Lair:5:   hangedman_lair_tendril_chambers, layout_hall_layers, wormcave,
          slime_entry_1, gammafunk_ghost_hydra_chop
Orc:1:    cheibrodos_orc_guarddog, layout_caves, minmay_shop_enchanted_jewellery
Orc:2:    st_orc_rangers, layout_caves, basic_altar

Skill      XL: |  1  2  3  4  5  6  7  8  9 10 11 12 13 14 15 |
---------------+----------------------------------------------+-----
Fighting       | 4 5 6 7 8 10 12 13 14 15 16 17 | 17.5
Axes           | 5 6 7 9 11 13 14 15 16 17 18 | 18.0
Armour         | 4 6 8 9 10 11 | 11.6
Dodging        | 4 5 6 7 8 |  8.4
Invocations    | 1 6 8 10 11 | 11.6
Evocations     | 2 4 |  4.4
Ranged Weapons | 2 4 6 |  6.2
Stealth        | |  1.5

Action                   |  1- 3 |  4- 6 |  7- 9 | 10-12 | 13-15 || total
-------------------------+-------+-------+-------+-------+-------++-------
Melee: Hand axe          |   110 |     1 |       |       |       ||   111
       War axe           |       |   123 |   361 |       |       ||   484
       Punch             |       |       |     1 |    13 |     5 ||    19
       Trident           |       |       |    10 |   596 |    19 ||   625
       Headbutt          |       |       |       |    81 |   138 ||   219
       Broad axe         |       |       |       |   116 |   545 ||   661
 Fire: Arbalest          |       |       |       |       |   241 ||   241
Invok: Minor Destruction |       |       |       |    14 |       ||    14
       Lesser Servant of |       |       |       |     3 |       ||     3
  Use: Scroll            |       |       |     6 |     2 |    12 ||    20
       Potion            |       |       |     1 |     3 |     1 ||     5
 Stab: Sleeping          |     4 |       |       |       |       ||     4
       Distracted        |       |       |       |     1 |       ||     1
       Petrified         |       |       |       |       |    11 ||    11
Armor: Robe              |    17 |       |       |       |       ||    17
       Leather armour    |    21 |       |       |       |       ||    21
       Chain mail        |       |    57 |       |       |       ||    57
       Plate armour      |       |    36 |   214 |   190 |   318 ||   758
Dodge: Dodged            |    83 |    81 |    94 |   264 |   446 ||   968
Block: Other             |       |       |    40 |    63 |       ||   103
       Reflection        |       |       |     2 |     3 |       ||     5

Table legend: (Time is in decaauts)
 A = Elapsed time spent in this place.
 B = Non-inter-level travel time spent in this place.
 C = Inter-level travel time spent in this place.
 D = Time resting spent in this place.
 E = Time spent auto-exploring this place.
 F = Levels seen in this place.
 G = Mean time per level.
                   A        B        C        D        E       F      G
               +--------+--------+--------+--------+--------+-----+--------+
         Total |  26996 |  26149 |    847 |      0 |  22175 |  22 | 1227.1 |
       Dungeon |  15954 |  15352 |    602 |      0 |  13210 |  12 | 1329.5 |
        Temple |    158 |    141 |     17 |      0 |    132 |   1 |  158.0 |
          Lair |   7597 |   7428 |    169 |      0 |   6222 |   5 | 1519.4 |
  Orcish Mines |   1308 |   1250 |     58 |      0 |    999 |   2 |  654.0 |
       Ossuary |    563 |    563 |      0 |      0 |    468 |   1 |  563.0 |
      Gauntlet |   1414 |   1414 |      0 |      0 |   1143 |   1 | 1414.0 |
               +--------+--------+--------+--------+--------+-----+--------+

Top non-repeatable levels by time:
  Lair:5: 2508 daAuts
     D:5: 2282 daAuts
    D:11: 2195 daAuts
     D:9: 1623 daAuts
     D:7: 1602 daAuts
Gauntlet: 1414 daAuts
  Lair:4: 1397 daAuts
    D:10: 1389 daAuts
  Lair:2: 1381 daAuts
  Lair:1: 1212 daAuts
   Orc:1: 1119 daAuts
  Lair:3: 1097 daAuts
     D:8: 1092 daAuts
    D:12: 1061 daAuts
     D:3: 1059 daAuts
